 Dungeon Crawl Stone Soup version 0.19-a0-1223-gf83d13a (webtiles) character file.

136 aronpayne the Shield-Bearer (level 5, -2/43 HPs)
             Began as a Formicid Fighter on Aug 23, 2016.
             Slain by a gnoll
             ... wielding a +0 halberd
              (9 damage)
             ... on level 3 of the Dungeon on Aug 24, 2016.
             The game lasted 00:07:52 (1892 turns).

aronpayne the Shield-Bearer (Formicid Fighter)      Turns: 1892, Time: 00:07:53

Health: -2/43      AC:  7    Str: 22    XL:     5   Next: 43%
Magic:  5/5        EV:  8    Int:  7    God:
Gold:   122        SH: 12    Dex: 10    Spells: 0 memorised, 4 levels left

rFire  . . .     SeeInvis +     a - +0 long sword
rCold  . . .     Gourm    .     b - +0 scale mail
rNeg   . . .     Faith    .     c - +0 shield
rPois  .         Spirit   .     (helmet unavailable)
rElec  .         Dismiss  .     (no cloak)
rCorr  .         Reflect  +     (no gloves)
MR     .....     Harm     .     (no boots)
Stlth  ..........               r - +3 amulet of reflection
                                (no ring)
                                (no ring)

@: no status effects
A: permanent stasis, dig shafts and tunnels, four strong arms, antennae 3
a: Dig, Shaft Self


You were on level 3 of the Dungeon.
You were not hungry.

You visited 1 branch of the dungeon, and saw 3 of its levels.

You collected 122 gold pieces.

Inventory:

Hand Weapons
 a - a +0 long sword (weapon)
Armour
 b - a +0 scale mail (worn)
 c - a +0 shield (worn)
Jewellery
 r - a +3 amulet of reflection (around neck)
Wands
 v - a wand of disintegration (10/24)
Scrolls
 e - a scroll of noise {unknown}
 i - 2 scrolls of teleportation {unknown}
 l - 4 scrolls of remove curse {unknown}
 m - 4 scrolls of identify
 s - 2 scrolls of enchant armour {unknown}
 t - a scroll of amnesia {unknown}
Potions
 d - 2 potions of might
 h - a potion of lignification {unknown}
 j - 4 potions of curing {unknown}
 n - 2 potions of degeneration {unknown}
 o - a potion of mutation {unknown}
 p - 2 potions of resistance {unknown}
 u - a potion of heal wounds {unknown}
 w - 2 potions of haste {unknown}
Comestibles
 f - 2 bread rations
 g - 2 meat rations
 k - a beef jerky
 q - 9 chunks of flesh


   Skills:
 * Level 4.4 Fighting
 + Level 2.4 Long Blades
 + Level 4.0 Armour
 + Level 1.3 Dodging
 + Level 4.5 Shields


You had 4 spell levels left.
You didn't know any spells.

Dungeon Overview and Level Annotations

Branches:
Dungeon (3/15)

Altars:
Qazlal


Innate Abilities, Weirdness & Mutations

You are under a permanent stasis effect.
You can dig through walls and to a lower floor.
Your four strong arms can wield two-handed weapons with a shield.
You have a pair of large antennae on your head. (SInv)


Message History

You slash the gnoll!
The gnoll is heavily wounded.
The gnoll hits you from afar with a halberd!
You block the gnoll's attack.
You closely miss the gnoll.
The gnoll is heavily wounded.
You block the gnoll's attack. The gnoll hits you with a flail.
You block the gnoll's attack.
The gnoll hits you from afar with a halberd.
You hit the gnoll but do no damage.
The gnoll is heavily wounded.
You block the gnoll's attack. x2
The gnoll hits you from afar with a halberd!
* * * LOW HITPOINT WARNING * * *
The gnoll hits you but does no damage.
The gnoll hits you from afar with a halberd.
* * * LOW HITPOINT WARNING * * *
The gnoll hits you but does no damage. You block the gnoll's attack.
The gnoll hits you with a halberd!
You die...

###.#
##....##
#......#
#......#
#......
#(g..######
#)gg##.....
#@g.#......
#.......>.(
#)...♣.....
#..........
#......♣.♣.
####..%....
#(....#
#...## ####


You could see 4 gnolls.

Vanquished Creatures
  Ijyb (D:2)
  3 adders
  An ooze (D:1)
  2 worms (D:2)
  A dart slug (D:1)
  3 giant geckos
  3 bats
  6 giant cockroaches
  11 goblins
  5 hobgoblins
  10 jackals
  A quokka (D:2)
  2 giant newts
  9 kobolds
  5 rats
63 creatures vanquished.

Vanquished Creatures (others)
  A goblin (D:3)
1 creature vanquished.

Grand Total: 64 creatures vanquished

Notes
Turn   | Place    | Note
-------+----------+-------------------------------------------
     0 | D:1      | aronpayne the Formicid Fighter began the quest for the Orb.
     0 | D:1      | Reached XP level 1. HP: 18/18 MP: 1/1
   196 | D:1      | Reached XP level 2. HP: 18/24 MP: 2/2
   473 | D:1      | Reached XP level 3. HP: 30/30 MP: 3/3
   993 | D:2      | Reached XP level 4. HP: 37/37 MP: 4/4
  1097 | D:2      | Upgraded the game from 0.19-a0-1216-g363869b to 0.19-a0-1223-gf83d13a
  1595 | D:2      | Noticed Ijyb
  1596 | D:2      | Reached skill level 1 in Dodging
  1606 | D:2      | Killed Ijyb
  1606 | D:2      | Reached XP level 5. HP: 43/43 MP: 5/5
  1712 | D:2      | Found a stormy altar of Qazlal.
  1892 | D:3      | Slain by a gnoll

Vault maps used:
D:1:      lightli_arrival_maybe_door_vault, minmay_pentomino_r2
D:2:      kennysheep_goblin_castle, lemuel_crystal_altar
D:3:      grunt_ministairs_9, kennysheep_generic_room_9

Skill      XL: |  1  2  3  4  5 |
---------------+----------------+-----
Shields        | 4 |  4.5
Fighting       | 4 |  4.4
Dodging        | 1 |  1.3
Armour         | 4 |  4.0
Long Blades    | |  2.4

Action                   |  1- 3 |  4- 6 || total
-------------------------+-------+-------++-------
Melee: Long sword        |   127 |   119 ||   246
  Use: Scroll            |       |     1 ||     1
  Eat: Chunk             |     1 |     3 ||     4
Armor: Scale mail        |    54 |    58 ||   112
Dodge: Dodged            |    35 |    41 ||    76
Block: Shield            |    64 |    93 ||   157
       Reflection        |       |     1 ||     1
